 Dungeon Crawl Stone Soup version 0.30-a0-166-g5d06c95188 (webtiles) character file.

Game seed: 11770154605287345177

1173 qw the Cleaver (level 8, 0/49 HPs)
             Began as a Gargoyle Fighter on Sept 28, 2022.
             Slain by an orc warrior
             ... wielding a +0 long sword
              (5 damage)
             ... on level 6 of the Dungeon.
             The game lasted 00:01:44 (5057 turns).

qw the Cleaver (Gargoyle Fighter)                   Turns: 5057, Time: 00:01:44

Health: 0/49       AC: 16    Str: 21    XL:     8   Next: 41%
Magic:  8/8        EV:  7    Int: 10    God:
Gold:   149        SH:  6    Dex:  9    Spells: 7/7 levels left

rFire   . . .      SeeInvis .    Y - +1 war axe
rCold   . . .      Faith    .    l - +2 buckler
rNeg    + . .      Spirit   .    h - +0 chain mail
rPois   inf        Reflect  .    (no helmet)
rElec   +          Harm     .    (no cloak)
rCorr   .          Rampage  .    (no gloves)
Will    .....                    k - +1 pair of boots
Stlth   ..........               (no amulet)
HPRegen 0.16/turn                (no ring)
MPRegen 0.11/turn                (no ring)

@: no status effects
A: sickness immunity, AC +5, negative energy resistance 1, electricity
resistance, torment resistance 1, petrification resistance
a: no special abilities


You were on level 6 of the Dungeon.
You visited 1 branch of the dungeon, and saw 6 of its levels.

You collected 299 gold pieces.
You spent 150 gold pieces at shops.


Innate Abilities, Weirdness & Mutations

You are immune to sickness and miasma.
Your stone body is resilient. (AC +5)
You are immune to poison.
You resist negative energy. (rN+)
You are resistant to electric shocks. (rElec)
You are resistant to unholy torment.
You are immune to petrification.


   Skills:
 + Level 5.3 Fighting
 - Level 8.0 Axes
 - Level 1.1 Throwing
 - Level 3.2 Armour
 - Level 1.3 Dodging
 - Level 3.2 Shields


You had 7 spell levels left.
You didn't know any spells.
Your spell library was empty.

Inventory:

Hand Weapons
 b - a +2 flail of holy wrath
 Y - a +1 war axe (weapon)
Armour
 f - a +0 pair of gloves
 h - a +0 chain mail (worn)
 j - a +1 pair of gloves
 k - a +1 pair of boots (worn)
 l - a +2 buckler (worn)
Scrolls
 a - a scroll of identify
Potions
 c - a potion of cancellation {unknown}
 d - a potion of might
 e - 2 potions of haste
 g - 8 potions of curing
 i - 2 potions of mutation

Dungeon Overview and Level Annotations

Branches:
Dungeon (6/15)
 Temple: D:4-7

Altars:
Ashenzari
Qazlal
Sif Muna
Wu Jian

Shops:
D:3 *   D:4 ![**


Message History

The orc warrior is moderately wounded.
You hit the orc. The orc warrior completely misses you.
You block the orc warrior's attack. The orc hits you but does no damage.
You closely miss the orc.
The orc is almost dead.
You hit the orc warrior but do no damage.
The orc warrior hits you but does no damage.
You block the orc's attack. You block the orc warrior's attack.
You closely miss the orc.
The orc is almost dead.
You closely miss the orc warrior.
The orc warrior hits you but does no damage.
The orc hits you with a +0 club.
You closely miss the orc.
The orc is almost dead.
You closely miss the orc warrior. You block the orc warrior's attack.
The orc hits you with a +0 club.
The orc warrior hits you but does no damage.
You slash the orc!
You kill the orc!
You slash the orc warrior!
The orc warrior hits you but does no damage.
The orc warrior barely misses you. The orc closely misses you.
You barely miss the orc warrior.
The orc warrior is heavily wounded.
You barely miss the orc.
The orc warrior hits you with a +0 long sword!
You block the orc's attack.
The orc warrior hits you with a +0 long sword.
You barely miss the orc warrior.
The orc warrior is heavily wounded.
You barely miss the orc.
The orc warrior hits you but does no damage.
The orc hits you with a +0 flail.
You slash the orc warrior!
The orc warrior is almost dead.
You hit the orc but do no damage.
The orc warrior hits you with a +0 long sword.
You die...

##.# #..## #..#
.... #..## #..#
#... #..# #..#
#..#
#..#######..######
#....)......).....
#...####...#.####
#@.## ####...#
....<.oo##
#8###..##
#######J#
#_~~##..# #..
#..¤~##.# #..
#...~~#.## #.##
8_....'..# # #..
#...~~#..### #..
#..~~##...#
#_~¤##..#..#


You could see an orc warrior (fast), a jelly and an orc.

Vanquished Creatures
  2 water moccasins
  3 ogres (D:5)
  2 scorpions
  A howler monkey (D:5)
  An orc priest (D:3)
  4 hounds (D:5)
  3 jellies (D:5)
  4 orc wizards
  An iguana (D:5)
  A gnoll (D:1)
  7 adders
  A shadow imp (D:6)
  A white imp (D:6)
  2 ufetubi
  3 dart slugs
  8 orcs
  9 ball pythons
  3 bats
  3 endoplasms
  5 giant cockroaches
  7 goblins
  6 hobgoblins
  2 jackals (D:2)
  7 kobolds
  5 quokkas
  5 frilled lizards
  8 rats
104 creatures vanquished.

Vanquished Creatures (others)
  A fungus (D:1)
  A plant (D:1)
2 creatures vanquished.

Grand Total: 106 creatures vanquished

Notes
Turn   | Place    | Note
-------+----------+-------------------------------------------
     0 | D:1      | qw the Gargoyle Fighter began the quest for the Orb.
     0 | D:1      | Reached XP level 1. HP: 14/14 MP: 1/1
     0 | D:1      | 0 ||| qw: Version: 0.2-a-12-gaebbb33
     0 | D:1      | 0 ||| qw: Game counter: 974
     0 | D:1      | 0 ||| qw: Always use a shield: true
     0 | D:1      | 0 ||| qw: God list: Okawaru
     0 | D:1      | 0 ||| qw: Allow faded altars: false
     0 | D:1      | 0 ||| qw: Do Orc after D:15 true
     0 | D:1      | 0 ||| qw: Do second Lair branch before Depths: true
     0 | D:1      | 0 ||| qw: Lair rune preference: random
     0 | D:1      | 0 ||| qw: Plans: Normal, Zot:1-4, God:TSO, Crypt, Tomb,
                  | Pan, Slime:5, Hells, Abyss, Orb
     0 | D:1      | 0 ||| PLANNING D:1-11
    59 | D:1      | Reached skill level 2 in Axes
    96 | D:1      | Reached XP level 2. HP: 19/19 MP: 2/2
    99 | D:1      | 99 ||| Stepping ~*~*~tactically~*~*~ (stealth).
   232 | D:1      | Reached skill level 3 in Axes
   244 | D:1      | Reached XP level 3. HP: 22/23 MP: 3/3
   862 | D:1      | Found a faded altar of an unknown god.
   927 | D:1      | 927 ||| READING 2 scrolls labelled NYPE IDUHYSOU.
   928 | D:1      | 928 ||| READING scroll labelled NIOGUD ALAHYF.
   997 | D:2      | 997 ||| Stepping ~*~*~tactically~*~*~ (stealth).
   998 | D:2      | 998 ||| Stepping ~*~*~tactically~*~*~ (stealth).
  1190 | D:2      | Reached XP level 4. HP: 28/28 MP: 4/4
  1283 | D:2      | Found a broken altar of Ashenzari.
  1360 | D:2      | 1360 ||| Stepping ~*~*~tactically~*~*~ (stealth).
  1373 | D:2      | 1373 ||| DROPPING +0 club.
  1389 | D:2      | 1389 ||| Stepping ~*~*~tactically~*~*~ (stealth).
  1400 | D:2      | Reached skill level 4 in Axes
  1571 | D:2      | 1571 ||| UPGRADING to +0 chain mail.
  1581 | D:2      | 1581 ||| DROPPING +0 scale mail.
  1582 | D:2      | 1582 ||| UPGRADING to +2 buckler.
  1592 | D:2      | 1592 ||| DROPPING +0 buckler.
  1593 | D:2      | 1593 ||| READING scroll labelled WOLLYZAIVU.
  1594 | D:2      | 1594 ||| READING scroll labelled XUGGES DIALL.
  1595 | D:2      | 1595 ||| DRINKING 2 golden potions.
  1596 | D:2      | 1596 ||| DRINKING 2 sapphire potions.
  1597 | D:2      | 1597 ||| READING 3 scrolls of identify.
  1597 | D:2      | 1597 ||| IDENTIFYING bubbling green potion
  1598 | D:2      | 1598 ||| READING 2 scrolls of identify.
  1598 | D:2      | 1598 ||| IDENTIFYING glowing amethyst potion
  1599 | D:2      | 1599 ||| DROPPING potion of ambrosia.
  1892 | D:3      | Reached XP level 5. HP: 29/32 MP: 5/5
  1966 | D:3      | Reached skill level 5 in Axes
  2098 | D:3      | Found Huablero's Assorted Antiques.
  2107 | D:3      | 2107 ||| BUYING potion of curing (75 gold).
  2107 | D:3      | Bought a potion of curing for 75 gold pieces
  2107 | D:3      | 2107 ||| BUYING potion of curing (75 gold).
  2107 | D:3      | Bought a potion of curing for 75 gold pieces
  2107 | D:3      | 2107 ||| SHOPLISTING red potion (22 gold, have 21).
  2107 | D:3      | 2107 ||| SHOPLISTING scroll labelled XIESOU ACESO (25 gold,
                  | have 21).
  2349 | D:3      | 2349 ||| Stepping ~*~*~tactically~*~*~ (hiding).
  2356 | D:3      | 2356 ||| Stepping ~*~*~tactically~*~*~ (hiding).
  2363 | D:3      | HP: 6/32 [orc/+3 whip (4)]
  2364 | D:3      | 2364 ||| DRINKING potion of heal wounds.
  2375 | D:3      | Reached XP level 6. HP: 18/38 MP: 6/6
  2538 | D:3      | 2538 ||| DROPPING +0 mace.
  2621 | D:3      | 2621 ||| READING 2 scrolls labelled MAOTRU RUMICROM.
  2684 | D:3      | 2684 ||| DROPPING scroll of torment.
  2715 | D:4      | Found Yfeh's Distillery.
  2717 | D:4      | Found Jimmolaacu's General Store.
  2717 | D:4      | Found Evekow's Armour Emporium.
  2721 | D:4      | Found Axkin's General Store.
  2726 | D:4      | 2726 ||| SHOPLISTING 2 potions of resistance (240 gold,
                  | have 21).
  2729 | D:4      | 2729 ||| SHOPLISTING scroll of enchant weapon (105 gold,
                  | have 21).
  2729 | D:4      | 2729 ||| SHOPLISTING scroll of identify (28 gold, have 21).
  2732 | D:4      | 2732 ||| SHOPLISTING +0 scale mail "Halafoh" {rC+ Str+3}
                  | (243 gold, have 21).
  2732 | D:4      | 2732 ||| SHOPLISTING +1 chain mail of poison resistance
                  | (135 gold, have 21).
  2732 | D:4      | 2732 ||| SHOPLISTING +1 leather armour of Veacs {Rampage
                  | rF+ rN+ Str+4 Int-4} (252 gold, have 21).
  2735 | D:4      | 2735 ||| SHOPLISTING potion of attraction (39 gold, have
                  | 21).
  2735 | D:4      | 2735 ||| SHOPLISTING potion of cancellation (104 gold, have
                  | 21).
  2735 | D:4      | 2735 ||| SHOPLISTING potion of curing (39 gold, have 21).
  2735 | D:4      | 2735 ||| SHOPLISTING potion of haste (130 gold, have 21).
  2735 | D:4      | 2735 ||| SHOPLISTING potion of might (52 gold, have 21).
  2741 | D:4      | Identified the +2 leather armour of Fun {rF- Str+7 Dex+6}
  3173 | D:4      | 3173 ||| Stepping ~*~*~tactically~*~*~ (stealth).
  3175 | D:4      | 3175 ||| Stepping ~*~*~tactically~*~*~ (stealth).
  3177 | D:4      | 3177 ||| Stepping ~*~*~tactically~*~*~ (stealth).
  3179 | D:4      | 3179 ||| Stepping ~*~*~tactically~*~*~ (stealth).
  3181 | D:4      | 3181 ||| Stepping ~*~*~tactically~*~*~ (stealth).
  3298 | D:4      | 3298 ||| UPGRADING to +0 pair of boots.
  3303 | D:4      | 3303 ||| READING scroll of enchant armour.
  3303 | D:4      | 3303 ||| ENCHANTING +0 pair of boots.
  3304 | D:4      | 3304 ||| DROPPING +6 ring of intelligence.
  3305 | D:4      | 3305 ||| READING scroll labelled VIUGAU IGEOSH.
  3306 | D:4      | 3306 ||| READING 4 scrolls of identify.
  3306 | D:4      | 3306 ||| IDENTIFYING fuming red potion
  3344 | D:5      | Entered Level 5 of the Dungeon
  3349 | D:5      | Reached skill level 1 in Throwing
  3443 | D:5      | Noticed a water moccasin
  3453 | D:5      | Killed a water moccasin
  3454 | D:5      | Reached skill level 6 in Axes
  3494 | D:5      | Reached XP level 7. HP: 38/43 MP: 7/7
  3532 | D:5      | 3532 ||| DROPPING +3 whip.
  3675 | D:5      | Reached skill level 1 in Dodging
  4020 | D:5      | Reached skill level 7 in Axes
  4393 | D:5      | Reached XP level 8. HP: 48/48 MP: 8/8
  4409 | D:5      | 4409 ||| Stepping ~*~*~tactically~*~*~ (stealth).
  4707 | D:5      | 4707 ||| READING scroll labelled LOOGIC TAWYU.
  4708 | D:5      | 4708 ||| READING 3 scrolls of identify.
  4708 | D:5      | 4708 ||| IDENTIFYING red potion
  4709 | D:5      | 4709 ||| READING 2 scrolls of identify.
  4709 | D:5      | 4709 ||| IDENTIFYING glowing orange potion
  4710 | D:5      | 4710 ||| DROPPING potion of degeneration.
  4711 | D:5      | 4711 ||| DROPPING potion of magic.
  4945 | D:6      | Reached skill level 8 in Axes
  5022 | D:6      | Found a stormy altar of Qazlal.
  5022 | D:6      | Found an ornate altar of the Wu Jian Council.
  5023 | D:6      | Found a shimmering blue altar of Sif Muna.
  5033 | D:6      | 5033 ||| Stepping ~*~*~tactically~*~*~ (stealth).
  5041 | D:6      | 5041 ||| Stepping ~*~*~tactically~*~*~ (stealth).
  5055 | D:6      | HP: 10/49 [orc warrior/+0 long sword (12)]
  5057 | D:6      | Slain by an orc warrior

Levels and vault maps discovered:
D:1:      lemuel_arrival_behind_the_door_small, layout_rooms,
          shapermc_ecumenical_altar_ellora
D:2:      layout_loops_ring, basic_altar
D:3:      layout_basic, serial_shops, shop, kennysheep_nondescript
D:4:      layout_loops_ring, minmay_shop_grid_forest
D:5:      layout_gridville
D:6:      layout_loops_ring, gammafunk_temple_overflow_claw

Skill      XL: |  1  2  3  4  5  6  7  8 |
---------------+-------------------------+-----
Axes           | 2 3 4 5 6 7 8 |  8.0
Fighting       | 4 5 |  5.3
Throwing       | 1 |  1.1
Dodging        | 1 |  1.3
Armour         | |  3.2
Shields        | |  3.2

Action                   |  1- 3 |  4- 6 |  7- 9 || total
-------------------------+-------+-------+-------++-------
Melee: War axe           |   102 |   126 |    98 ||   326
Throw: Javelin           |       |    11 |    11 ||    22
  Use: Scroll            |     2 |     8 |     3 ||    13
       Potion            |       |     3 |       ||     3
Armor: Scale mail        |    34 |    14 |       ||    48
       Chain mail        |       |    52 |    46 ||    98
Dodge: Dodged            |    41 |    43 |    44 ||   128
Block: Buckler           |    23 |    37 |    17 ||    77

Table legend:
 A = Non-vault XP
 B = Vault XP
 C = Vault XP percentage of total XP
 D = Non-vault monster count
 E = Vault monster count
 F = Vault count percentage of total count
                 A         B        C        D         E       F
            +---------+---------+-------+---------+---------+-------
      Total |    1677 |       0 |   0.0 |     104 |       0 |   0.0
            +---------+---------+-------+---------+---------+-------
        D:1 |      58 |       0 |   0.0 |      25 |       0 |   0.0
        D:2 |      63 |       0 |   0.0 |      19 |       0 |   0.0
        D:3 |     221 |       0 |   0.0 |      26 |       0 |   0.0
        D:4 |      14 |       0 |   0.0 |       8 |       0 |   0.0
        D:5 |    1017 |       0 |   0.0 |      18 |       0 |   0.0
        D:6 |     304 |       0 |   0.0 |       8 |       0 |   0.0
            +---------+---------+-------+---------+---------+-------
